 Dungeon Crawl Stone Soup version 0.24-a0-264-gf46a388 (webtiles) character file.

Game seed: 3417037578088609728

173 MatthieuS the Magician (level 5, -2/41 HPs)
             Began as a Draconian Wizard on Apr 20, 2019.
             Killed by divine providence
             ... invoked by an orc priest
              (17 damage)
             ... on level 3 of the Dungeon.
             The game lasted 00:05:07 (3276 turns).

MatthieuS the Magician (Draconian Wizard)           Turns: 3276, Time: 00:05:08

Health: -2/41      AC:  6    Str:  9    XL:     5   Next: 28%
Magic:  1/20       EV: 12    Int: 21    God:
Gold:   109        SH:  0    Dex: 10    Spells: 4/12 levels left

rFire    + . .     SeeInvis .   a - +0 dagger
rCold    + . .     Gourm    .   (no shield)
rNeg     . . .     Faith    .   (armour unavailable)
rPois    +         Spirit   .   l - +0 hat
rElec    +         Reflect  .   o - +0 cloak
rCorr    +         Harm     .   (no gloves)
MR       .....                  (no boots)
Stlth    ++........             (no amulet)
HPRegen  0.13/turn              b - ring of magical power
MPRegen  0.17/turn              h - ring of wizardry

@: resistant
A: unfitting armour, clever 1, evolution 1, cold-blooded, AC +5
a: no special abilities


You were on level 3 of the Dungeon.
You were not hungry.

You visited 1 branch of the dungeon, and saw 3 of its levels.

You collected 109 gold pieces.

Inventory:

Hand Weapons
 a - a +0 dagger (weapon)
   (You took it off a goblin on level 1 of the Dungeon)
Armour
 l - a +0 hat (worn)
 o - a +0 cloak (worn)
   (You found it on level 2 of the Dungeon)
Jewellery
 b - a ring of magical power (left hand)
   (You found it on level 1 of the Dungeon)
 h - a ring of wizardry (right hand)
   (You found it on level 1 of the Dungeon)
Wands
 n - a wand of clouds (5)
   (You found it on level 2 of the Dungeon)
 t - a wand of flame (11)
   (You found it on level 2 of the Dungeon)
Scrolls
 c - a scroll of enchant weapon {unknown}
 f - a scroll of fog {unknown}
 i - 3 scrolls of identify {unknown}
 j - a scroll of noise {unknown}
 k - a scroll of fear {unknown}
 p - a scroll of remove curse {unknown}
 r - a scroll of amnesia {unknown}
Potions
 g - a potion of heal wounds {unknown}
 m - 2 potions of mutation {!q}
 q - a potion of flight {unknown}
Comestibles
 e - 5 rations
 s - a chunk of flesh


   Skills:
 + Level 2.2 Fighting
 - Level 1.7 Dodging
 - Level 1.7 Stealth
 + Level 4.0 Spellcasting
 + Level 2.9 Conjurations
 + Level 2.2 Summonings
 - Level 1.0 Translocations


You had 4 spell levels left.
You knew the following spells:

 Your Spells              Type           Power        Failure   Level  Hunger
a - Magic Dart            Conj           ###.         1%          1    None
b - Blink                 Tloc           N/A          4%          2    #......
c - Call Imp              Summ           ##......     2%          2    #......
d - Mephitic Cloud        Conj/Pois/Air  #.......     10%         3    ###....

Your spell library contained the following spells:

 Spells                   Type           Power        Failure   Level  Hunger
 Slow                     Hex            #.......     8%          2    #......
 Conjure Flame            Conj/Fire      ##......     9%          3    ###....


Dungeon Overview and Level Annotations

Branches:
Dungeon (3/15)

Altars:
Fedhas
Nemelex Xobeh
Trog
Wu Jian
Yredelemnul


Innate Abilities, Weirdness & Mutations

Your plain brown scales are hard. (AC +5)
You cannot fit into any form of body armour.
You are cold-blooded and may be slowed by cold attacks.
Your mind is acute. (Int +2)
You evolve.


Message History

The orc priest begins to cast a cantrip, but forgets the words!
The goblin barely misses you.
Aim: an orc priest, wielding a +0 dagger and wearing a cursed +0 chain mail (heavily wounded)
The magic dart hits the orc priest but does no damage.
The orc priest casts a cantrip, but nothing happens.
The goblin barely misses you.
Aim: an orc priest, wielding a +0 dagger and wearing a cursed +0 chain mail (heavily wounded)
The magic dart hits the orc priest.
The orc priest hits you with a +0 dagger.
The goblin misses you.
Aim: an orc priest, wielding a +0 dagger and wearing a cursed +0 chain mail (severely wounded)
The magic dart hits the orc priest but does no damage.
The leopard gecko hisses menacingly.
The orc priest closely misses you. The goblin hits you but does no damage.
Your magical contamination has completely faded away.
Aim: an orc priest, wielding a +0 dagger and wearing a cursed +0 chain mail (severely wounded)
The magic dart hits the orc priest but does no damage.
The orc priest hits you but does no damage.
The goblin hits you but does no damage.
Aim: an orc priest, wielding a +0 dagger and wearing a cursed +0 chain mail (severely wounded)
The magic dart hits the orc priest but does no damage.
The orc priest hits you but does no damage.
The goblin hits you.
You don't have enough magic to cast that spell.
You closely miss the orc priest.
The orc priest hits you but does no damage.
The goblin hits you but does no damage.
You hit the orc priest.
The orc priest hits you but does no damage.
The goblin barely misses you.
You hit the orc priest but do no damage.
The orc priest completely misses you. The goblin closely misses you.
Unknown command.
You hit the orc priest but do no damage.
The orc priest calls down the wrath of Beogh upon you.
Beogh smites you! The goblin hits you.
* * * LOW HITPOINT WARNING * * *
You hit the orc priest but do no damage.
The orc priest invokes the aid of Beogh against you.
Beogh smites you!
* * * LOW HITPOINT WARNING * * *
The goblin misses you.
You feel better.
The orc priest looks encouraged for a moment.
The goblin hits you but does no damage.
It was a potion of resistance.
You feel protected.
The orc priest invokes the aid of Beogh against you.
Beogh smites you!
You die... ########## ....... #........# ..... #........# .)... #........# ... #.[......# )oo

#........## #l#
#.......... #o#
#..........
#@######..........
#.g....'........##
########........#
.........######
.........#
.........#
.........#
####+#####


You could see an orc priest, 2 orcs, a leopard gecko and a goblin.

Vanquished Creatures
  A worker ant (D:3)
  4 gnolls (D:3)
  2 adders
  2 oozes
  An adder skeleton (D:2)
  2 worms (D:2)
  2 dart slugs (D:1)
  2 leopard geckos (D:2)
  2 orcs (D:3)
  7 bats
  A giant cockroach (D:2)
  5 goblins
  A hobgoblin (D:3)
  10 jackals (D:1)
  7 frilled lizards
  6 kobolds
  5 rats
60 creatures vanquished.

Vanquished Creatures (collateral kills)
  2 gnolls (D:3)
  A hobgoblin (D:3)
3 creatures vanquished.

Grand Total: 63 creatures vanquished

Notes
Turn   | Place    | Note
-------+----------+-------------------------------------------
     0 | D:1      | MatthieuS the Draconian Wizard began the quest for the Orb.
     0 | D:1      | Reached XP level 1. HP: 14/14 MP: 4/4
   131 | D:1      | Reached XP level 2. HP: 13/20 MP: 2/6
   440 | D:1      | Learned a level 2 spell: Blink
   443 | D:1      | Learned a level 2 spell: Call Imp
   835 | D:1      | Reached XP level 3. HP: 27/27 MP: 7/7
  1128 | D:1      | Learned a level 3 spell: Mephitic Cloud
  1419 | D:2      | Reached skill level 1 in Fighting
  1546 | D:2      | Found a bloodstained altar of Trog.
  1754 | D:2      | Found a blossoming altar of Fedhas.
  1839 | D:2      | Found a basalt altar of Yredelemnul.
  2034 | D:2      | Reached XP level 4. HP: 35/35 MP: 6/9
  2116 | D:2      | Found an ornate altar of the Wu Jian Council.
  2132 | D:2      | Found a sparkling altar of Nemelex Xobeh.
  2545 | D:3      | Gained mutation: Your mind is acute. (Int +2) [potion of
                  | mutation]
  2545 | D:3      | Gained mutation: You evolve. [potion of mutation]
  2969 | D:3      | Reached XP level 5. HP: 41/41 MP: 10/10
  3201 | D:3      | Reached skill level 4 in Spellcasting
  3276 | D:3      | Killed from afar by an orc priest

Levels and vault maps discovered:
D:1:      ncdulo_watergridlock, layout_basic
D:2:      layout_basic, lemuel_crystal_altar, old_standard_altar,
          lemuel_doored_altar, nicolae_overflow_hidden_temple, trog_book,
          uniq_crazy_yiuf_cottage
D:3:      layout_basic

Skill      XL: |  1  2  3  4  5 |
---------------+----------------+-----
Conjurations   | 2 |  2.9
Fighting       | 1 2 |  2.2
Summonings     | 2 |  2.2
Spellcasting   | 4 |  4.0
Dodging        | |  1.7
Stealth        | |  1.7
Translocations | |  1.0

Action                   |  1- 3 |  4- 6 || total
-------------------------+-------+-------++-------
Melee: Unarmed           |    10 |       ||    10
       Dagger            |       |    33 ||    33
 Cast: Magic Dart        |   128 |    75 ||   203
       Call Imp          |       |     2 ||     2
       Mephitic Cloud    |       |     2 ||     2
  Use: Potion            |       |     4 ||     4
  Eat: Chunk             |     3 |     4 ||     7
Armor: Skin              |    16 |    30 ||    46
Dodge: Dodged            |    29 |    53 ||    82

Table legend:
 A = Non-vault XP
 B = Vault XP
 C = Vault XP percentage of total XP
 D = Non-vault monster count
 E = Vault monster count
 F = Vault count percentage of total count
                 A         B        C        D         E       F
            +---------+---------+-------+---------+---------+-------
      Total |     248 |       0 |   0.0 |      63 |       0 |   0.0
            +---------+---------+-------+---------+---------+-------
        D:1 |      48 |       0 |   0.0 |      25 |       0 |   0.0
        D:2 |      56 |       0 |   0.0 |      17 |       0 |   0.0
        D:3 |     144 |       0 |   0.0 |      21 |       0 |   0.0
            +---------+---------+-------+---------+---------+-------
